 Dungeon Crawl Stone Soup version 0.31.0-32-g396128a36d (webtiles) character file.

Game seed: 16499743163226580394

275 hawla the Ducker (level 6, -3/52 HPs)
             Began as a Minotaur Gladiator on Apr 12, 2024.
             Killed from afar by an orc wizard (10 damage)
             ... with a magic dart
             ... on level 4 of the Dungeon.
             The game lasted 00:06:05 (2522 turns).

hawla the Ducker (Minotaur Gladiator)               Turns: 2522, Time: 00:06:06

Health: -3/52      AC: 14    Str: 19    XL:     6   Next: 3%
Magic:  5/5        EV:  7    Int:  5    God:
Gold:   98         SH:  5    Dex: 13    Spells: 5/5 levels left

rFire   + . .        a - +0 long sword
rCold   . . .        (no shield)
rNeg    + . .        n - +0 plate armour
rPois   .            c - +1 hat
rElec   .            (no cloak)
rCorr   .            (no gloves)
SInv    .            j - +0 pair of boots
Will    .....        k - amulet of reflection Stlth
                     q - ring of positive energy
HPRegen 0.28/turn    w - ring of protection from fire
MPRegen 0.09/turn

%: reflection
@: invisible
A: horns 2, retaliatory headbutt, iridescent scales 1
a: no special abilities


You were on level 4 of the Dungeon.
You visited 1 branch of the dungeon, and saw 4 of its levels.

You collected 189 gold pieces.
You spent 91 gold pieces at shops.

Inventory:

Hand Weapons
 a - a +0 long sword (weapon)
Missiles
 d - 4 throwing nets
 e - a javelin
 h - 8 poisoned darts (quivered)
Armour
 c - a +1 hat (worn)
 j - a +0 pair of boots (worn)
 n - a +0 plate armour (worn)
Jewellery
 k - an amulet of reflection (around neck)
 q - a ring of positive energy (left hand)
 w - a ring of protection from fire (right hand)
Scrolls
 f - a scroll of poison
 m - a scroll of noise {unknown}
 t - a scroll of enchant armour
 v - 3 scrolls of identify
 x - a scroll of enchant weapon {unknown}
Potions
 b - a potion of mutation
 g - a potion of ambrosia {unknown}
 o - a potion of attraction {unknown}
 p - a potion of invisibility
 r - a potion of curing {unknown}
 s - a potion of degeneration {unknown}
 u - a potion of heal wounds {unknown}
 z - a potion of cancellation {unknown}


   Skills:
 - Level 4.0 Fighting
 + Level 3.5(4.2) Short Blades
 - Level 3.6(4.4) Long Blades
 - Level 2.0 Throwing
 - Level 2.0 Armour
 - Level 5.0 Dodging
 - Level 1.0 Stealth


You had 5 spell levels left.
You didn't know any spells.
Your spell library was empty.

Dungeon Overview and Level Annotations

Branches:
Dungeon (4/15)
 Temple: D:4-7

Altars:

Shops:
D:1 ?


Innate Abilities, Weirdness & Mutations

You have a pair of horns on your head.
You reflexively headbutt those who attack you in melee.
You are partially covered in iridescent scales. (AC +2)


Message History

Throw: 12 darts (poison)
Press: ? - help, Q - select action, (/) - cycle Shift-Dir - straight line, f - orc wizard
Aim: an orc wizard, wielding a +0 dagger and wearing a +0 robe (50% to hit)
You throw a poisoned dart.
The poisoned dart barely misses the orc wizard.
Unknown command.
Throw: 11 darts (poison)
Press: ? - help, Q - select action, (/) - cycle Shift-Dir - straight line, f/p - orc wizard
Aim: an orc wizard, wielding a +0 dagger and wearing a +0 robe (50% to hit)
You throw a poisoned dart.
The poisoned dart barely misses the orc wizard.
Unknown command.
It was a potion of invisibility.
You fade into invisibility!
Throw: 10 darts (poison)
Press: ? - help, Q - select action, (/) - cycle Shift-Dir - straight line, f/p - orc wizard
Aim: an orc wizard, wielding a +0 dagger and wearing a +0 robe (unable to see you, 50% to hit)
You throw a poisoned dart.
The poisoned dart barely misses the orc wizard.
Throw: 9 darts (poison)
Press: ? - help, Q - select action, (/) - cycle Shift-Dir - straight line, f/p - orc wizard
Aim: an orc wizard, wielding a +0 dagger and wearing a +0 robe (unable to see you, 50% to hit)
You throw a poisoned dart.
The poisoned dart misses the orc wizard.
You barely miss the orc wizard. You headbutt the orc wizard.
The orc wizard is lightly wounded.
The orc wizard closely misses you.
You hit the orc wizard.
The orc wizard is heavily wounded.
The orc wizard hits you with a +0 dagger.
* * * LOW HITPOINT WARNING * * *
You catch the helpless orc wizard completely off-guard!
You hit the orc wizard. Your headbutt misses the orc wizard.
The orc wizard is severely wounded.
The orc wizard barely misses you.
You closely miss the orc wizard.
The orc wizard is severely wounded.
The orc wizard casts a spell at you. The magic dart hits you!
You die...

#.### ##.......# ###
##.# #.##....# .... #..#
#.#.(...# #...#
..#######.#...).##....#
.####...)...).#.#...###.
...##.##.###.)(((.......
......##.....#.)(##..⌠..
.##.####..#####.o##.....
.##.###.....# ##@...###
###.........# ##......#
###.......# #.......#
##..#)....###...#.....
#.....#...##....####.#
#.#.###......#...## .
#..#.# #####.......##.#
...##.######...#.......#
#
##^........###.##......


You could see an orc wizard (unable to see you).

Vanquished Creatures
  A jelly (D:4)
  2 orc priests (D:4)
  An iguana (D:4)
  An orc wizard (D:4)
  2 adders
  2 dart slugs
  3 ribbon worms
  7 orcs (D:4)
  7 endoplasms
  6 giant cockroaches
  8 hobgoblins
  9 jackals
  3 quokkas
  9 ball pythons
  9 bats
  4 frilled lizards (D:2)
  10 goblins
  8 kobolds
  5 rats
97 creatures vanquished.

Notes
Turn   | Place    | Note
-------+----------+-------------------------------------------
     0 | D:1      | hawla the Minotaur Gladiator began the quest for the Orb.
     0 | D:1      | Reached XP level 1. HP: 18/18 MP: 0/0
    66 | D:1      | Reached skill level 1 in Stealth
    79 | D:1      | Reached XP level 2. HP: 12/25 MP: 1/1
    80 | D:1      | Reached skill level 1 in Armour
   377 | D:1      | Reached XP level 3. HP: 30/31 MP: 2/2
   448 | D:1      | Found Esalah's Magic Scroll Emporium.
   454 | D:1      | Bought a scroll of teleportation for 39 gold pieces
   454 | D:1      | Bought a scroll of identify for 26 gold pieces
   779 | D:2      | Reached XP level 4. HP: 40/40 MP: 3/3
  1150 | D:1      | Bought a scroll of identify for 26 gold pieces
  1251 | D:3      | Found a faded altar of an unknown god.
  1291 | D:3      | Reached skill level 4 in Dodging
  1474 | D:3      | You fall into a shaft and drop 1 floor!
  1881 | D:4      | Reached XP level 5. HP: 27/42 MP: 4/4
  1893 | D:4      | Reached skill level 5 in Dodging
  1940 | D:4      | Reached skill level 1 in Short Blades
  2216 | D:4      | Reached XP level 6. HP: 5/52 MP: 5/5
  2425 | D:4      | Noticed an orc warrior
  2501 | D:4      | Gained mutation: You are partially covered in iridescent
                  | scales. (AC +2) [potion of mutation]
  2522 | D:4      | Killed from afar by an orc wizard

Illustrated notes

Levels and vault maps discovered:
D:1:      dpeg_arrival_shrine, layout_rooms, serial_shops,
          nicolae_shop_pleasant_corner_grove, reono_crystal_passage
D:2:      layout_rooms
D:3:      kennysheep_the_goblin_king, layout_basic,
          hellmonk_ecumenical_altar_run_dry
D:4:      layout_rooms, minmay_temple_entry_junction_2

Skill      XL: |  1  2  3  4  5 |
---------------+----------------+-----
Stealth        | 1 |  1.0
Armour         | 1 2 |  2.0
Fighting       | 3 4 |  4.0
Dodging        | 4 5 |  5.0
Short Blades   | 3 |  3.5
Long Blades    | |  3.6
Throwing       | |  2.0

Action                     |  1- 3 |  4- 6 || total
---------------------------+-------+-------++-------
  Melee: Long sword        |    88 |   121 ||   209
         Headbutt          |    15 |    17 ||    32
         Punch             |       |     1 ||     1
  Throw: Dart              |       |     9 ||     9
    Use: Scroll            |     3 |     4 ||     7
         Potion            |       |     2 ||     2
   Stab: Sleeping          |     1 |       ||     1
         Held in net/web   |     1 |       ||     1
         Invisible         |       |     1 ||     1
 Armour: Leather armour    |    26 |       ||    26
         Plate armour      |    30 |   112 ||   142
  Dodge: Dodged            |    50 |    50 ||   100
  Block: Other             |    11 |    28 ||    39
         Reflection        |     2 |     2 ||     4
